 Dungeon Sprint DCSS version 0.25-a0-290-g4a1327ee3a (console) character file.

Game seed: 10164457816297432103, levelgen mode: deterministic

3043 jt the Blocker (level 9, -12/53 HPs)
             Began as a Gargoyle Fighter on Dec 13, 2019.
             Was a Believer of Fedhas.
             Killed from afar by a crystal guardian (21 damage)
             ... with a crystal bolt
             ... in the Dungeon (Sprint II: "The Violet Keep of Menkaure").
             The game lasted 00:05:33 (946 turns).

jt the Blocker (Gargoyle Fighter)                    Turns: 946, Time: 00:05:34

Health: -12/53     AC: 16    Str: 25    XL:     9   Next: 86%
Magic:  11/14      EV:  9    Int:  8    God:    Fedhas [**....]
Gold:   112        SH: 14    Dex:  9    Spells: 8/8 levels left

rFire    + . .     SeeInvis .   a - +0 flail
rCold    + . .     Gourm    .   c - +0 shield
rNeg     + . .     Faith    .   b - +0 scale mail
rPois    ∞         Spirit   .   (no helmet)
rElec    +         Reflect  .   h - scarf {rC+ rF+}
rCorr    .         Harm     .   g - +2 pair of gloves {Str+3}
MR       .....     NoTele   +   (no boots)
Stlth    ..........             (no amulet)
HPRegen  0.17/turn              (no ring)
MPRegen  0.14/turn              (no ring)

@: very slow
A: dopey 1, frail 1, negative energy resistance 1, screaming 1, electricity
resistance, unbreathing, petrification resistance, rot immunity, AC +6
a: Wall of Briars, Renounce Religion


You were in the Dungeon.
You worshipped Fedhas.
Fedhas was pleased with you.
You were not hungry.

You visited 1 branch You collected 810 gold pieces.
You spent 698 gold pieces at shops.

Inventory:

Hand Weapons
 a - a +0 flail (weapon)
 e - a +0 arbalest
Missiles
 o - 14 bolts
Armour
 b - a +0 scale mail (worn)
 c - a +0 shield (worn)
 g - a +2 pair of gloves of strength (worn)
 h - a scarf of resistance (worn)
Scrolls
 j - a scroll of remove curse
 k - a scroll of identify
 l - a scroll of blinking
 m - a scroll of fear
Potions
 i - 2 potions of magic
Comestibles
 f - 2 rations


   Skills:
 - Level 8.2 Fighting
 + Level 13.6 Maces & Flails
 - Level 3.2 Armour
 + Level 14.8 Shields
   Level 7.5 Evocations


You had 8 spell levels left.
You didn't know any spells.
Your spell library was empty.

Dungeon Overview and Level Annotations

Branches:
Dungeon (1/1)

Altars:
Cheibriados
Dithmenos
Elyvilon
Fedhas
Gozag
Hepliaklqana
Kikubaaqudgha
Makhleb
Nemelex Xobeh
Okawaru
Qazlal
Ru
Sif Muna
Trog
Uskayaw
Vehumet
Wu Jian
Xom
Yredelemnul
Zin
The Shining One
Beogh
Jiyva
Lugonu

Shops:
D :%?}[=:!(}?:![}=

Annotations:
D exclusion: obsidian statue


Innate Abilities, Weirdness & Mutations

You are resistant to torment.
Your stone body is resilient. (AC +6)
You are immune to poison.
You resist negative energy. (rN+)
You are resistant to electric shocks. (rElec)
You can survive without breathing.
You are immune to petrification.
You are immune to rotting.
You are dopey. (Int -2)
You are frail. (-10% HP)
You occasionally shout uncontrollably at your foes.


Message History

The crystal guardian is moderately damaged.
The now-empty wand crumbles to dust.
You stop training Evocations.
A briar patch grows up from the ground. x4; You see a puff of smoke.
A briar patch grows up from the ground.
You feel slightly more hungry.
The crystal guardian fires a crystalline bolt at you.
The crystal bolt burns your briar patch!!!
Your briar patch is burned terribly!
Your briar patch is destroyed!
The crystal bolt burns you!! You resist.
* * * LOW HITPOINT WARNING * * *
The crystal bolt burns your briar patch!!!
Your briar patch is burned terribly!
Your briar patch is destroyed!
You hear a sizzling sound!
You walk carefully through the plants.
You enter the shallow water.
Moving in this stuff is going to be slow.
The crystal guardian fires a crystalline bolt at you.
The crystal bolt burns you!! You resist.
You die...
Fedhas appreciates your contribution to the ecosystem. .##+##.. #^ . ##...##.#### +.##. #.##..#....# ...#### ##.######..## #..##.# !$$ ###'# .##..# +.8#..# (!%!

.##.##$w.#..# #^.#..#▓)$)%!
#'.<.+# +..####P.##.#▓$((?%%
.##.##.w.#....###.^.##▓▓▓▓▓▓▓
###'## .##....§.@≈P≈≈≈≈≈≈≈≈≈≈
##.#.####≈≈....§≈#'########+###
#..##.#≈≈≈≈§§≈..≈#._._._..#≈≈≈##
##..###≈≈≈≈§§§§.≈#.._._._.#≈≈§§#
≈##'##≈≈≈≈§§§§≈≈≈#._._._._#t§§§
≈≈≈≈≈≈≈≈≈≈≈≈§§§≈§#_._._._.#t≈≈§
+++#+++#≈≈≈§§§§≈≈#._._._..#§§≈≈
§;;;≈ ##≈§≈###§≈#_._._...#§§§§≈
≈§≈;≈≈§§##≈≈# #§≈#._._....#§§≈§


You could see a crystal guardian.

Vanquished Creatures
  A death drake (D)
  A yaktaur (D)
  A hornet (D)
  3 polar bears (D)
  2 hippogriffs (D)
  3 neqoxecs (D)
  Menkaure (D)
  A vampire mosquito (D)
  2 swamp drakes (D)
  3 worms (D)
18 creatures vanquished.

Vanquished Creatures (others)
  A death drake (D)
  An oklob plant (D)
  A neqoxec (D)
  2 crocodiles (D)
5 creatures vanquished.

Grand Total: 23 creatures vanquished

Notes
Turn   | Place    | Note
-------+----------+-------------------------------------------
     0 | D        | jt the Gargoyle Fighter began the quest for the Orb.
     0 | D        | Reached XP level 1. HP: 14/14 MP: 1/1
     1 | D        | Noticed a tyrant leech
     1 | D        | Noticed a tyrant leech
     8 | D        | Reached skill level 4 in Shields
    13 | D        | Reached XP level 2. HP: 11/19 MP: 2/2
    49 | D        | Killed a crocodile
   136 | D        | Killed a crocodile
   138 | D        | Noticed an electric eel
   138 | D        | Noticed an electric eel
   138 | D        | Noticed an electric eel
   138 | D        | Noticed an electric eel
   139 | D        | Noticed an electric eel
   139 | D        | Noticed an electric eel
   146 | D        | Noticed a hippogriff
   146 | D        | Noticed a hippogriff
   149 | D        | Noticed a neqoxec
   154 | D        | Noticed a neqoxec
   157 | D        | Gained mutation: You are frail. (-10% HP) [a neqoxec]
   162 | D        | Killed a neqoxec
   162 | D        | Reached skill level 8 in Shields
   162 | D        | Reached XP level 3. HP: 20/20 MP: 3/3
   162 | D        | Reached XP level 4. HP: 25/25 MP: 4/4
   162 | D        | Reached XP level 5. HP: 28/28 MP: 5/5
   166 | D        | Gained mutation: You are dopey. (Int -2) [a neqoxec]
   168 | D        | Killed a neqoxec
   168 | D        | Reached skill level 10 in Shields
   168 | D        | Reached XP level 6. HP: 26/33 MP: 6/6
   215 | D        | Noticed an obsidian statue
   232 | D        | Found Juucoz's Jewellery Shop.
   233 | D        | Found Nimar's Gadget Boutique.
   234 | D        | Found Diefoz Zucy's Distillery.
   234 | D        | Found Kauplot's Book Shop.
   235 | D        | Found Potuwauh's Gadget Shop.
   235 | D        | Found Foemy's Antique Weapon Boutique.
   235 | D        | Noticed Menkaure
   236 | D        | Noticed a vampire mosquito
   237 | D        | Found Hedunga's Jewellery Boutique.
   237 | D        | Found Taeril's Antique Armour Shop.
   237 | D        | Found Kejeohik's Distillery.
   238 | D        | Found Ciet's Magic Scroll Shop.
   238 | D        | Found Zitegeg's Food Boutique.
   238 | D        | Found Teumiah's Magic Scroll Shop.
   238 | D        | Found Geoqo's Gadget Boutique.
   238 | D        | Noticed a soldier ant
   239 | D        | Found Yptomobb's Antique Armour Shop.
   239 | D        | Found Ruitrebu's Book Boutique.
   239 | D        | Killed a neqoxec
   245 | D        | Found Kojiziw's Book Shoppe.
   245 | D        | Noticed a soldier ant
   245 | D        | Noticed a soldier ant
   245 | D        | Noticed an oklob plant
   247 | D        | Killed Menkaure
   249 | D        | Killed a vampire mosquito
   249 | D        | Reached skill level 5 in Fighting
   249 | D        | Reached skill level 10 in Maces & Flails
   249 | D        | Reached skill level 11 in Shields
   249 | D        | Reached XP level 7. HP: 39/40 MP: 7/7
   253 | D        | Killed a hippogriff
   254 | D        | Noticed a spiny frog
   254 | D        | Noticed a spiny frog
   259 | D        | Killed a hippogriff
   259 | D        | Reached skill level 12 in Shields
   290 | D        | Noticed a neqoxec
   299 | D        | Gained mutation: You occasionally shout uncontrollably at
                  | your foes. [a neqoxec]
   303 | D        | Killed a neqoxec
   303 | D        | Reached XP level 8. HP: 33/48 MP: 8/8
   415 | D        | Noticed a shining eye
   430 | D        | Bought a pair of glowing gloves for 172 gold pieces
   430 | D        | Bought a glowing scarf for 184 gold pieces
   441 | D        | Bought a scroll of remove curse for 30 gold pieces
   441 | D        | Bought a scroll of identify for 20 gold pieces
   441 | D        | Bought a scroll of blinking for 75 gold pieces
   441 | D        | Bought a scroll of fear for 35 gold pieces
   445 | D        | Bought a wand of iceblast (9) for 182 gold pieces
   472 | D        | Found a glowing silver altar of Zin.
   472 | D        | Found a radiant altar of Vehumet.
   473 | D        | Found a glowing golden altar of the Shining One.
   473 | D        | Found a basalt altar of Yredelemnul.
   473 | D        | Found a hide-covered altar of Uskayaw.
   474 | D        | Found a shimmering altar of Xom.
   474 | D        | Found a bloodstained altar of Trog.
   474 | D        | Found a burning altar of Makhleb.
   475 | D        | Found an ornate altar of the Wu Jian Council.
   475 | D        | Found a shimmering blue altar of Sif Muna.
   475 | D        | Found a corrupted altar of Lugonu.
   476 | D        | Found a sacrificial altar of Ru.
   476 | D        | Found an ancient bone altar of Kikubaaqudgha.
   476 | D        | Found a white marble altar of Elyvilon.
   476 | D        | Found a sparkling altar of Nemelex Xobeh.
   476 | D        | Found a blossoming altar of Fedhas.
   477 | D        | Found a stormy altar of Qazlal.
   477 | D        | Found a viscous altar of Jiyva.
   477 | D        | Found a shadowy altar of Dithmenos.
   478 | D        | Found a hazy altar of Hepliaklqana.
   478 | D        | Found a snail-covered altar of Cheibriados.
   480 | D        | Found a roughly hewn altar of Beogh.
   480 | D        | Noticed a hornet
   480 | D        | Noticed a polar bear
   480 | D        | Noticed a polar bear
   481 | D        | Found an iron altar of Okawaru.
   481 | D        | Found an opulent altar of Gozag.
   481 | D        | Noticed a yaktaur
   483 | D        | Noticed a polar bear
   489 | D        | Became a worshipper of Fedhas Madash
   492 | D        | Killed a hornet
   492 | D        | Reached skill level 1 in Evocations
   494 | D        | Killed an oklob plant
   513 | D        | Killed a polar bear
   513 | D        | Reached skill level 13 in Shields
   519 | D        | Killed a yaktaur
   519 | D        | Reached * piety under Fedhas
   695 | D        | Killed a polar bear
   695 | D        | Reached XP level 9. HP: 42/53 MP: 12/12
   699 | D        | Killed a polar bear
   699 | D        | Reached skill level 5 in Evocations
   710 | D        | Reached ** piety under Fedhas
   715 | D        | Noticed a death drake
   715 | D        | Noticed a death drake
   747 | D        | Killed a death drake
   747 | D        | Reached skill level 14 in Shields
   765 | D        | Killed a death drake
   940 | D        | Noticed a crystal guardian
   946 | D        | Killed from afar by a crystal guardian

Levels and vault maps discovered:
D:        the_violet_keep_of_menkaure [sprint2_stairs_cluster_1,
          sprint2_shoproom, sprint2_temple, sprint2_basic_supplies,
          sprint2_obstacle_7, sprint2_obstacle_2, sprint2_obstacle_3,
          sprint2_obstacle_5, sprint2_obstacle_6, sprint2_timed_cluster_1,
          sprint2_smallroom_cluster_1, sprint2_smallroom_final_cluster_1,
          sprint2_transparent_cluster_1, sprint2_second_timed_cluster_1,
          sprint2_sniper_area_1, sprint2_heavy_combat_area_1,
          sprint2_mutation_trap_area_1, sprint2_forest_area_1,
          sprint2_light_combat_area_1, sprint2_behind_water_1,
          sprint2_near_end_vault_1]

Skill      XL: |  1  2  3  4  5  6  7  8  9 |
---------------+----------------------------+-----
Shields        | 4 8 10 11 12 13 14 | 14.8
Maces & Flails | 3 7 9 10 11 12 13 | 13.6
Fighting       | 5 8 |  8.2
Evocations     | 4 7 |  7.5
Armour         | |  3.2

Action                   |  1- 3 |  4- 6 |  7- 9 || total
-------------------------+-------+-------+-------++-------
Melee: Flail             |    24 |    11 |   125 ||   160
Invok: Wall of Briars    |       |       |     1 ||     1
Evoke: Wand              |       |       |     9 ||     9
  Use: Potion            |     1 |     3 |     1 ||     5
       Scroll            |       |     1 |       ||     1
Armor: Scale mail        |     4 |     6 |    67 ||    77
Dodge: Dodged            |     4 |     9 |    45 ||    58
Block: Shield            |     3 |    10 |    87 ||   100

Table legend:
 A = Non-vault XP
 B = Vault XP
 C = Vault XP percentage of total XP
 D = Non-vault monster count
 E = Vault monster count
 F = Vault count percentage of total count
                 A         B        C        D         E       F
            +---------+---------+-------+---------+---------+-------
      Total |       0 |    4348 | 100.0 |       0 |      19 | 100.0
            +---------+---------+-------+---------+---------+-------
          D |       0 |    4348 | 100.0 |       0 |      19 | 100.0
            +---------+---------+-------+---------+---------+-------
